 Dungeon Crawl Stone Soup version 0.31.0-9-g3a7656b989 (webtiles) character file.

Game seed: 8148953716008836523

5599 qw the Nimble (level 10, 0/49 HPs)
             Began as a Spriggan Hunter on Feb 2, 2024.
             Was a High Priest of Okawaru.
             Slain by a yak (9 damage)
             ... on level 9 of the Dungeon.
             The game lasted 00:00:45 (7620 turns).

qw the Nimble (Spriggan Hunter)                     Turns: 7620, Time: 00:00:45

Health: 0/49       AC:  6    Str:  7    XL:     10   Next: 45%
Magic:  13/16      EV: 33    Int: 11    God:    Okawaru [*****.]
Gold:   303        SH:  5    Dex: 23    Spells: 9/9 levels left

rFire   . . .        h - +1 orcbow
rCold   . . .        (shield currently unavailable)
rNeg    . . .        c - +0 robe
rPois   .            (helmet restricted)
rElec   .            (no cloak)
rCorr   .            (gloves unavailable)
SInv    +            (boots unavailable)
Will    +....        o - amulet of reflection
Stlth   ++           b - +5 ring of evasion
HPRegen 0.28/turn    j - +4 ring of protection
MPRegen 0.15/turn

%: reflection
@: about to teleport, finesse-ful, very quick
A: very small, no large weapons, unfitting armour, see invisible, speed 3
a: Renounce Religion, Heroism, Finesse, Duel


You were on level 9 of the Dungeon.
You worshipped Okawaru.
Okawaru was extremely pleased with you.
You visited 1 branch of the dungeon, and saw 9 of its levels.
You also visited: Sewer.

You collected 303 gold pieces.


Innate Abilities, Weirdness & Mutations

You are very small and have problems with some larger weapons.
You are too small for most types of armour.
You have supernaturally acute eyesight. (SInv)
You cover ground extremely quickly. (Speed+++)


   Skills:
 - Level 4.0 Fighting
 - Level 11.0 Ranged Weapons
 + Level 11.4 Dodging
 - Level 1.5 Stealth
 + Level 7.0 Invocations


You had 9 spell levels left.
You didn't know any spells.
Your spell library was empty.

Inventory:

Hand Weapons
 h - a +1 orcbow (weapon)
Armour
 c - a +0 robe (worn)
Jewellery
 b - a +5 ring of evasion (left hand)
 j - a +4 ring of protection (right hand)
 n - a ring of fire
 o - an amulet of reflection (around neck)
Wands
 i - a wand of quicksilver (8)
Scrolls
 l - a scroll of enchant armour
 m - 2 scrolls of identify
Potions
 a - a potion of cancellation
 e - 4 potions of might
 f - 4 potions of mutation
 k - a potion of enlightenment

Dungeon Overview and Level Annotations

Branches:
Dungeon (9/15)             Temple (0/1) D:5           Sewer (visited)
   Lair: D:8-11         Orc: D:9-12

Altars:
Dithmenos
Elyvilon
Okawaru
Qazlal
Ru
Vehumet
Xom
The Shining One

Shops:
D:1 (

Annotations:
D:6 2 runed translucent doors


Message History

You shoot an arrow.
The arrow hits the yak but does no damage.
The yak is severely wounded.
The water moccasin bites you. The yak completely misses you.
The yak barely misses you. The yak completely misses you.
You shoot an arrow. The arrow hits the yak!
The yak is almost dead.
The water moccasin completely misses you.
You shoot an arrow.
The arrow hits the yak but does no damage.
The yak is almost dead.
The yak misses you. The yak gores you. The yak misses you.
You shoot an arrow.
The arrow hits the yak but does no damage.
The yak is almost dead.
The water moccasin completely misses you.
You shoot an arrow. The arrow hits the yak.
You kill the yak!
Okawaru accepts your kill.
You can now enter into single combat with a foe.
Okawaru will now gift you throwing weapons as you gain piety.
The yak misses you. You block the water moccasin's attack.
The yak completely misses you.
Your Invocations skill increases to level 7!
You shoot an arrow. The arrow barely misses the yak.
You shoot an arrow. The arrow barely misses the yak.
The water moccasin bites you. The yak completely misses you. The yak gores you.
You block the yak's attack.
7618 ||| READING scroll of teleportation.
As you read the scroll of teleportation, it crumbles to dust.
You feel strangely unstable.
The water moccasin completely misses you.
The yak barely misses you.
The water moccasin completely misses you.
The yak gores you but does no damage. The yak completely misses you.
You shoot an arrow. The arrow hits the yak.
The yak is lightly wounded.
You shoot an arrow. The arrow barely misses the yak.
You block the water moccasin's attack. The yak gores you!
You die...

####### .>.....
.......
###########.......
.....#...Y@##
.........SYY##
............^#
.......<.....#
................
.................
.................
.................
............../..


You could see 3 yaks and a water moccasin.

Vanquished Creatures
  A two-headed ogre (D:8)
  A troll (D:7)
  Prince Ribbit (D:8)
  4 yaks (D:9)
  3 wyverns
  3 water moccasins
  A sky beast (D:7)
  A black bear (D:4)
  3 orc warriors
  2 ogres (D:4)
  3 centaurs
  3 kobold brigands (Sewer)
  A bullfrog (D:9)
  2 scorpions (D:4)
  11 wights
  10 killer bees
  A jelly (D:4)
  2 hounds
  2 bombardier beetles (D:3)
  4 orc priests
  2 iguanas
  3 sleepcaps
  Jessica (D:3)
  3 gnoll boudas
  7 orc wizards
  Robin (D:4)
  12 gnolls
  5 adders
  2 river rats (Sewer)
  3 shadow imps
  A white imp (D:7)
  4 ufetubi
  A dart slug (D:3)
  5 ribbon worms (Sewer)
  21 orcs
  4 bats
  11 endoplasms
  5 giant cockroaches
  14 goblins
  9 hobgoblins
  2 jackals (D:3)
  3 quokkas
  11 ball pythons
  6 frilled lizards
  10 kobolds
  16 rats
221 creatures vanquished.

Notes
Turn   | Place    | Note
-------+----------+-------------------------------------------
     0 | D:1      | qw the Spriggan Hunter began the quest for the Orb.
     0 | D:1      | Reached XP level 1. HP: 10/10 MP: 2/2
     0 | D:1      | 0 ||| qw: Version: 0.3-a-155-g5e7d8dd
     0 | D:1      | 0 ||| qw: Game counter: 2144
     0 | D:1      | 0 ||| qw: Melee chars always use a shield: true
     0 | D:1      | 0 ||| qw: God list: Okawaru
     0 | D:1      | 0 ||| qw: Allow faded altars: false
     0 | D:1      | 0 ||| qw: Do Orc after clearing Dungeon:15 true
     0 | D:1      | 0 ||| qw: Do second Lair branch before Depths: true
     0 | D:1      | 0 ||| qw: Lair rune preference: random
     0 | D:1      | 0 ||| qw: Goals: Normal
     0 | D:1      | 0 ||| PLANNING D:1-11
    33 | D:1      | Reached skill level 3 in Dodging
   212 | D:1      | Reached XP level 2. HP: 14/14 MP: 3/3
   449 | D:1      | Found Rothacvy's Antique Weapon Emporium.
   454 | D:1      | 454 ||| SHOPLISTING glowing orcbow (149 gold, have 9).
   664 | D:1      | 664 ||| READING scroll labelled ZORCHU ZOGUSTO.
   665 | D:1      | 665 ||| READING 2 scrolls labelled YPTEIZUNNA.
   665 | D:1      | 665 ||| IDENTIFYING sedimented pink potion
   666 | D:1      | 666 ||| READING scroll of identify.
   666 | D:1      | 666 ||| IDENTIFYING ruby potion
   667 | D:1      | 667 ||| READING scroll labelled BYZORE LIEPNUL.
   672 | D:1      | 672 ||| DROPPING scroll of butterflies.
   673 | D:1      | 673 ||| DROPPING potion of lignification.
   790 | D:2      | Reached XP level 3. HP: 18/18 MP: 4/4
  1624 | D:3      | Reached XP level 4. HP: 15/22 MP: 5/5
  1861 | D:3      | Noticed Jessica
  1867 | D:3      | Killed Jessica
  1868 | D:3      | Reached XP level 5. HP: 21/26 MP: 6/6
  1969 | D:3      | Found a shadowy altar of Dithmenos.
  2161 | D:3      | Found a stormy altar of Qazlal.
  2363 | D:3      | Found an iron altar of Okawaru.
  2364 | D:3      | 2364 ||| PLANNING OKAWARU WORSHIP
  2366 | D:3      | 2366 ||| DROPPING ring of magical power.
  2367 | D:3      | 2367 ||| READING 5 scrolls of identify.
  2367 | D:3      | 2367 ||| IDENTIFYING coppery potion
  2368 | D:3      | 2368 ||| READING 4 scrolls of identify.
  2368 | D:3      | 2368 ||| IDENTIFYING dark potion
  2369 | D:3      | 2369 ||| DROPPING potion of brilliance.
  2372 | D:3      | Became a worshipper of Warmaster Okawaru
  2373 | D:3      | 2373 ||| PLANNING D:1-11
  2410 | D:4      | 2410 ||| PLANNING SEWER
  2433 | D:4      | HP: 3/26 [gnoll/+0 spear (8)]
  2435 | D:4      | Reached skill level 6 in Ranged Weapons
  2574 | D:4      | Reached XP level 6. HP: 30/30 MP: 7/7
  2653 | D:4      | Noticed Robin
  2666 | D:4      | Killed Robin
  2671 | D:4      | 2671 ||| FLEEEEING.
  2672 | D:4      | 2672 ||| FLEEEEING.
  2681 | D:4      | Reached skill level 6 in Dodging
  2808 | D:4      | Reached * piety under Okawaru
  2841 | D:4      | Found a glowing golden altar of the Shining One.
  2893 | D:4      | Reached skill level 1 in Invocations
  2893 | D:4      | Reached XP level 7. HP: 30/35 MP: 8/8
  2902 | D:4      | HP: 8/35 [black bear (1)]
  3093 | D:4      | Found a glowing drain.
  3101 | D:4      | 3101 ||| UPGRADING to amulet of regeneration.
  3106 | D:4      | 3106 ||| READING 4 scrolls of identify.
  3106 | D:4      | 3106 ||| IDENTIFYING fizzy inky potion
  3107 | D:4      | 3107 ||| READING 3 scrolls of identify.
  3107 | D:4      | 3107 ||| IDENTIFYING emerald potion
  3108 | D:4      | 3108 ||| READING 2 scrolls of identify.
  3108 | D:4      | 3108 ||| IDENTIFYING 2 purple potions
  3109 | D:4      | 3109 ||| READING scroll of identify.
  3109 | D:4      | 3109 ||| IDENTIFYING scroll labelled KOJ MULUEPH
  3110 | D:4      | 3110 ||| READING scroll labelled NUPHEP GAITAXT.
  3111 | D:4      | 3111 ||| DROPPING 2 potions of degeneration.
  3112 | D:4      | 3112 ||| DROPPING scroll of blinking.
  3120 | Sewer    | Entered a sewer
  3395 | Sewer    | Reached skill level 3 in Invocations
  3655 | Sewer    | Reached ** piety under Okawaru
  3661 | Sewer    | 3661 ||| READING scroll labelled SOATEI FADGHUT.
  3661 | Sewer    | 3661 ||| ENCHANTING +0 shortbow.
  3662 | Sewer    | 3662 ||| DRINKING 2 smoky cyan potions.
  3663 | Sewer    | 3663 ||| DROPPING potion of invisibility.
  3685 | D:4      | 3685 ||| PLANNING D:1-11
  3807 | D:5      | Entered Level 5 of the Dungeon
  3807 | D:5      | Noticed a wyvern
  3808 | D:5      | 3808 ||| INVOKING Heroism.
  3819 | D:5      | HP: 3/35 [wyvern (16)]
  3820 | D:5      | 3820 ||| READING scroll of teleportation.
  3821 | D:5      | 3821 ||| DRINKING potion of heal wounds.
  3823 | D:5      | Killed a wyvern
  3824 | D:5      | Reached XP level 8. HP: 33/39 MP: 9/12
  3824 | D:5      | Found a staircase to the Ecumenical Temple.
  3943 | D:5      | Found a white marble altar of Elyvilon.
  3989 | D:5      | 3989 ||| SWAPPING to +0 orcbow.
  3999 | D:5      | 3999 ||| DRINKING potion of curing.
  3999 | D:5      | 3999 ||| (to cure confusion)
  4033 | D:5      | 4033 ||| DROPPING +0 shortbow.
  4086 | D:5      | Found a shimmering altar of Xom.
  4198 | D:5      | Found a sacrificial altar of Ru.
  4317 | D:5      | 4317 ||| READING scroll of identify.
  4317 | D:5      | 4317 ||| IDENTIFYING scroll labelled BIFFUG BAKHES
  4318 | D:5      | 4318 ||| DROPPING scroll of fear.
  4355 | D:6      | HP: 4/39 [water moccasin (8)]
  4356 | D:6      | 4356 ||| DRINKING potion of heal wounds.
  4359 | D:6      | Reached skill level 3 in Fighting
  4424 | D:6      | Found a runed translucent door.
  4426 | D:6      | Found a runed translucent door.
  4449 | D:6      | 4449 ||| RETREEEEATING.
  4451 | D:6      | 4451 ||| RETREEEEATING.
  4454 | D:6      | 4454 ||| RETREEEEATING.
  4460 | D:6      | 4460 ||| RETREEEEATING.
  4461 | D:6      | 4461 ||| RETREEEEATING.
  4462 | D:6      | 4462 ||| RETREEEEATING.
  4463 | D:6      | 4463 ||| INVOKING Heroism.
  4473 | D:6      | HP: 8/38 [wight/+0 war axe (13)]
  4481 | D:6      | Reached skill level 9 in Ranged Weapons
  5100 | D:6      | Reached *** piety under Okawaru
  5101 | D:6      | Reached XP level 9. HP: 26/44 MP: 13/13
  5200 | D:6      | 5200 ||| UPGRADING to +5 ring of evasion.
  5201 | D:6      | 5201 ||| UPGRADING to +4 ring of protection.
  5202 | D:6      | 5202 ||| READING scroll of identify.
  5202 | D:6      | 5202 ||| IDENTIFYING scroll labelled ESUSTA KAYWUQ
  5203 | D:6      | 5203 ||| READING scroll of enchant weapon.
  5203 | D:6      | 5203 ||| ENCHANTING +0 orcbow.
  5204 | D:6      | 5204 ||| READING scroll labelled QOREEL UDWOGU.
  5294 | D:7      | Found a radiant altar of Vehumet.
  5374 | D:7      | Reached skill level 9 in Dodging
  5453 | D:7      | Noticed a troll
  5454 | D:7      | 5454 ||| INVOKING Heroism.
  5462 | D:7      | Killed a troll
  5795 | D:7      | 5795 ||| RETREEEEATING.
  5796 | D:7      | 5796 ||| RETREEEEATING.
  6186 | D:7      | 6186 ||| RETREEEEATING.
  6209 | D:7      | Reached **** piety under Okawaru
  6242 | D:7      | Identified the +1 mace of Integrity {pain, ^Drain rPois
                  | rCorr}
  6243 | D:7      | 6243 ||| READING scroll of identify.
  6243 | D:7      | 6243 ||| IDENTIFYING murky coppery potion
  6244 | D:7      | 6244 ||| READING scroll labelled QATWOMEFFU.
  6648 | D:8      | 6648 ||| RETREEEEATING.
  6649 | D:8      | 6649 ||| RETREEEEATING.
  6650 | D:8      | 6650 ||| RETREEEEATING.
  6651 | D:8      | 6651 ||| RETREEEEATING.
  6655 | D:8      | 6655 ||| RETREEEEATING.
  6656 | D:8      | 6656 ||| RETREEEEATING.
  6662 | D:8      | 6662 ||| RETREEEEATING.
  6663 | D:8      | 6663 ||| RETREEEEATING.
  6664 | D:8      | 6664 ||| RETREEEEATING.
  6739 | D:8      | Noticed a two-headed ogre
  6740 | D:8      | 6740 ||| INVOKING Finesse.
  6741 | D:8      | 6741 ||| INVOKING Finesse.
  6752 | D:8      | Killed a two-headed ogre
  6753 | D:8      | Reached XP level 10. HP: 49/49 MP: 8/15
  6829 | D:8      | Reached ***** piety under Okawaru
  6843 | D:8      | Reached skill level 6 in Invocations
  7169 | D:8      | Noticed Prince Ribbit
  7180 | D:8      | Killed Prince Ribbit
  7545 | D:8      | 7545 ||| UPGRADING to amulet of reflection.
  7555 | D:8      | 7555 ||| DROPPING amulet of regeneration.
  7556 | D:8      | 7556 ||| READING 3 scrolls of identify.
  7556 | D:8      | 7556 ||| IDENTIFYING lumpy brown potion
  7574 | D:9      | 7574 ||| RETREEEEATING.
  7575 | D:9      | 7575 ||| RETREEEEATING.
  7576 | D:9      | 7576 ||| RETREEEEATING.
  7577 | D:9      | 7577 ||| INVOKING Finesse.
  7617 | D:9      | HP: 12/49 [water moccasin (2)]
  7618 | D:9      | 7618 ||| READING scroll of teleportation.
  7620 | D:9      | Slain by a yak

Levels and vault maps discovered:
D:1:      minmay_arrival_plants_in_alcoves, layout_loops_ring, serial_shops,
          shop
D:2:      layout_basic, minmay_increasing_density
D:3:      layout_loops_ring, mainiacjoe_overflow_swirl,
          grunt_dithmenos_smoke_and_mirrors, uniq_jessica
D:4:      layout_basic, mainiacjoe_overflow_alcove_4, portal_sewer_entry_a,
          kennysheep_diamond, uniq_robin
D:5:      layout_basic, mainiacjoe_overflow_boulevard, kennysheep_little_box,
          nicolae_ru_awakened_eye, minmay_temple_entry_arrows,
          guppyfry_early_orc_mine
D:6:      lemuel_insect_pit, layout_gridville
D:7:      minmay_clustersquares, layout_loops_corners,
          lemuel_coloured_pillars_altar, st_stairs_9
D:8:      layout_layer_cave, uniq_prince_ribbit1
D:9:      layout_rooms, lemuel_zombie_altar_yredelemnul, serial_shops,
          nicolae_shop_gaudy_bauble, nicolae_the_louvre

Skill      XL: |  1  2  3  4  5  6  7  8  9 10 |
---------------+-------------------------------+-----
Dodging        | 3 4 5 6 7 8 11 | 11.4
Ranged Weapons | 5 6 7 9 10 11 | 11.0
Fighting       | 2 3 4 |  4.0
Invocations    | 1 4 5 7 |  7.0
Stealth        | |  1.5

Action                     |  1- 3 |  4- 6 |  7- 9 | 10-12 || total
---------------------------+-------+-------+-------+-------++-------
   Fire: Shortbow          |    89 |   181 |   174 |       ||   444
         Orcbow            |       |       |   334 |   113 ||   447
 Invoke: Heroism           |       |       |     3 |       ||     3
         Finesse           |       |       |     1 |     1 ||     2
    Use: Scroll            |     4 |     2 |    13 |     2 ||    21
         Potion            |       |       |     4 |       ||     4
 Armour: Robe              |     8 |    31 |    81 |    15 ||   135
  Dodge: Dodged            |    25 |    78 |   344 |    84 ||   531
  Block: Other             |       |       |       |     7 ||     7

Table legend:
 A = Non-vault XP
 B = Vault XP
 C = Vault XP percentage of total XP
 D = Non-vault monster count
 E = Vault monster count
 F = Vault count percentage of total count
                 A         B        C        D         E       F
            +---------+---------+-------+---------+---------+-------
      Total |    5971 |    2028 |  25.4 |     151 |      70 |  31.7
            +---------+---------+-------+---------+---------+-------
        D:1 |      27 |       0 |   0.0 |      19 |       0 |   0.0
        D:2 |      43 |      19 |  30.6 |      12 |       5 |  29.4
        D:3 |     201 |      37 |  15.5 |      25 |       1 |   3.8
        D:4 |     520 |     164 |  24.0 |      17 |      18 |  51.4
        D:5 |     449 |     212 |  32.1 |      10 |       7 |  41.2
        D:6 |     776 |       0 |   0.0 |      21 |       0 |   0.0
        D:7 |     842 |     938 |  52.7 |      17 |      10 |  37.0
        D:8 |    2224 |     274 |  11.0 |      25 |       1 |   3.8
        D:9 |     889 |       0 |   0.0 |       5 |       0 |   0.0
      Sewer |       0 |     384 | 100.0 |       0 |      28 | 100.0
            +---------+---------+-------+---------+---------+-------
